 Dungeon Crawl Stone Soup version 0.22.1-1-ga44c0e56f4 (webtiles) character file.

1876 Nygeryga the Cleaver (level 8, 0/106 HPs)
             Began as a Minotaur Berserker on Oct 9, 2018.
             Was an Elder of Trog.
             Succumbed to a killer bee's poison
             ... on level 7 of the Dungeon on Oct 13, 2018.
             The game lasted 00:26:48 (6321 turns).

Nygeryga the Cleaver (Minotaur Berserker)           Turns: 6321, Time: 00:26:50

Health: 0/106      AC: 13    Str: 29    XL:     8   Next: 91%
Magic:  2/7        EV:  9    Int:  4    God:    Trog [****..]
Gold:   311        SH:  0    Dex: 10    Spells: 7/7 levels left

rFire    . . .     SeeInvis .   u - +2 battleaxe (flame)
rCold    . . .     Gourm    .   (shield currently unavailable)
rNeg     . . .     Faith    .   s - +0 plate armour (curse)
rPois    .         Spirit   +   (helmet restricted)
rElec    .         Reflect  .   (no cloak)
rCorr    .         Harm     .   (no gloves)
MR       .....                  (no boots)
Stlth    ..........             p - amulet of guardian spirit
HPRegen  0.27/turn              (no ring)
MPRegen  0.10/turn              (no ring)

@: berserking, lethally poisoned (0 -> -35), very quick
A: retaliatory headbutt, horns 2
a: Berserk, Trog's Hand, Brothers in Arms, Renounce Religion


You were on level 7 of the Dungeon.
You worshipped Trog.
Trog was greatly pleased with you.
You were very hungry.

You visited 1 branch of the dungeon, and saw 7 of its levels.

You collected 311 gold pieces.

Inventory:

Hand Weapons
 a - a +1 hand axe
 u - a +2 battleaxe of flaming (weapon)
Armour
 b - a +0 animal skin
 j - a +0 ring mail
 n - a +1 shield of protection
 s - a cursed +0 plate armour (worn)
Jewellery
 p - an amulet of guardian spirit (around neck)
Wands
 e - a wand of polymorph (18)
 k - a wand of iceblast (10)
 q - a wand of digging (13)
 r - a wand of disintegration (22)
Scrolls
 d - 3 scrolls of remove curse
 h - a scroll of teleportation
 l - 2 scrolls of identify
 m - 3 scrolls of amnesia
Potions
 f - a potion of curing
 g - 3 potions of heal wounds
 i - 2 potions of cancellation
 o - a potion of resistance
Comestibles
 c - 2 rations


   Skills:
 + Level 6.5 Fighting
 + Level 9.4 Axes
 + Level 6.9 Armour
 + Level 4.1 Dodging
 + Level 2.0 Stealth
 + Level 4.0 Shields


You had 7 spell levels left.
You didn't know any spells.
Your spell library was empty.

Dungeon Overview and Level Annotations

Branches:
Dungeon (7/15)             Temple (0/1) D:4

Altars:
Ashenzari
Cheibriados
Fedhas
Kikubaaqudgha
Trog
Yredelemnul
The Shining One

Annotations:
D:2 1 runed door
D:6 Prince Ribbit


Innate Abilities, Weirdness & Mutations

You reflexively headbutt those who attack you in melee.
You have a pair of horns on your head.


Message History

You barely miss the killer bee.
* * * LOW HITPOINT WARNING * * *
You feel very sick.
The killer bee stings you but does no damage.
The killer bee stings you.
* * * LOW HITPOINT WARNING * * *
A kobold comes into view.
The killer bee stings you.
* * * LOW HITPOINT WARNING * * *
You are more poisoned.
The killer bee poisons you! The killer bee barely misses you.
The big kobold completely misses you. You furiously retaliate!
You headbutt the big kobold! You closely miss the killer bee.
The kobold shouts!
Your headbutt misses the killer bee.
The killer bee is moderately wounded.
You closely miss the killer bee.
Your plate armour prevents you from hitting the big kobold.
You die...

## §#.#§§ #./..... §#.#§§
#....... .
#######.######...... ..
#..)........#......###...
#........#......#........
#..#....# #.#)..#........
.......# ##...?.#.....)..
......####......y†.......
......###.....#.@y.......
..#...#.†........K....#..
........†..)........K...#
...#................#...#
..##..#............##..K#
####..#....####...## #..
#...#...## ..#.# ..
#.#.....# [. .# #.#.#...#


You could see a big kobold, 2 killer bees and 2 kobolds.

Vanquished Creatures
  An ice beast (D:6)
  A centaur (D:5)
  4 ogres
  2 bullfrogs
  3 scorpions
  3 killer bees (D:7)
  A crimson imp (D:6)
  2 bullfrog zombies
  2 hounds
  A jelly (D:7)
  An orc priest (D:5)
  5 orc wizards
  Ijyb (D:2)
  3 iguanas
  Natasha (thrice) (D:2)
  3 worker ants
  3 hell rats (D:7)
  A mummy (D:6)
  A hound skeleton (D:7)
  5 river rats (D:7)
  4 adders
  2 shadow imps (D:5)
  An adder zombie (D:7)
  5 worms
  4 dart slugs
  4 leopard geckos
  18 orcs
  4 giant cockroaches
  14 goblins
  5 hobgoblins
  15 jackals
  7 kobolds
  10 quokkas
  2 ball pythons (D:1)
  4 bats
  3 frilled lizards
  A leopard gecko skeleton (D:4)
  A quokka skeleton (D:5)
  16 rats
166 creatures vanquished.

Notes
Turn   | Place    | Note
-------+----------+-------------------------------------------
     0 | D:1      | Nygeryga the Minotaur Berserker began the quest for the
                  | Orb.
     0 | D:1      | Reached XP level 1. HP: 19/19 MP: 0/0
   137 | D:1      | Reached XP level 2. HP: 23/27 MP: 1/1
   202 | D:1      | Reached skill level 4 in Axes
   569 | D:2      | Reached XP level 3. HP: 18/33 MP: 2/2
   594 | D:2      | Reached ** piety under Trog
   914 | D:2      | Found a runed door.
  1090 | D:2      | Found a blossoming altar of Fedhas.
  1095 | D:2      | Found a glowing golden altar of the Shining One.
  1098 | D:2      | Found an ancient bone altar of Kikubaaqudgha.
  1161 | D:2      | Reached XP level 4. HP: 27/41 MP: 3/3
  1186 | D:2      | Noticed Natasha
  1196 | D:2      | Killed Natasha
  1405 | D:2      | Reached skill level 5 in Axes
  1407 | D:2      | Noticed Ijyb
  1419 | D:2      | Killed Ijyb
  1419 | D:2      | Reached XP level 5. HP: 47/47 MP: 4/4
  1733 | D:2      | Noticed Natasha
  1737 | D:2      | Killed Natasha
  1752 | D:2      | Noticed Natasha
  1762 | D:2      | Killed Natasha
  2098 | D:3      | Reached skill level 1 in Stealth
  2110 | D:3      | Found a shattered altar of Ashenzari.
  2166 | D:3      | Reached skill level 5 in Fighting
  2178 | D:3      | Reached XP level 6. HP: 11/56 MP: 1/5
  2581 | D:3      | Reached *** piety under Trog
  2744 | D:4      | Found a basalt altar of Yredelemnul.
  3056 | D:4      | Reached skill level 6 in Axes
  3065 | D:4      | Found a staircase to the Ecumenical Temple.
  3132 | D:4      | Found a bloodstained altar of Trog.
  3726 | D:5      | Entered Level 5 of the Dungeon
  3732 | D:5      | Reached skill level 5 in Armour
  3732 | D:5      | Reached skill level 1 in Shields
  3732 | D:5      | Reached XP level 7. HP: 57/61 MP: 4/6
  4073 | D:5      | Reached skill level 7 in Axes
  4923 | D:6      | Reached XP level 8. HP: 50/70 MP: 4/7
  5013 | D:6      | Found a snail-covered altar of Cheibriados.
  5076 | D:6      | Noticed Prince Ribbit
  5168 | D:6      | Reached skill level 8 in Axes
  5715 | D:7      | Reached **** piety under Trog
  6288 | D:7      | Reached skill level 9 in Axes
  6320 | D:7      | HP: 4/106 [poisoned by a killer bee]
  6321 | D:7      | Succumbed to a killer bee's poison

Skill      XL: |  1  2  3  4  5  6  7  8 |
---------------+-------------------------+-----
Fighting       | 4 5 6 |  6.5
Axes           | 4 5 6 7 9 |  9.4
Armour         | 3 4 5 6 |  6.9
Dodging        | 3 4 |  4.1
Stealth        | 1 2 |  2.0
Shields        | 1 2 4 |  4.0

Action                   |  1- 3 |  4- 6 |  7- 9 || total
-------------------------+-------+-------+-------++-------
Melee: Hand axe          |    79 |   162 |   199 ||   440
       Headbutt          |    11 |    30 |    42 ||    83
       Battleaxe         |       |       |    33 ||    33
Invok: Berserk           |     1 |     3 |     3 ||     7
  Use: Scroll            |       |       |     9 ||     9
       Potion            |       |       |     7 ||     7
  Eat: Chunk             |     2 |     8 |     6 ||    16
       Ration            |       |     1 |     1 ||     2
Armor: Animal skin       |    14 |       |       ||    14
       Ring mail         |     6 |    48 |    23 ||    77
       Plate armour      |       |       |    73 ||    73
Dodge: Dodged            |    55 |    58 |    56 ||   169
Block: Shield            |       |    33 |    57 ||    90
